 Dungeon Crawl Stone Soup version 0.26-a0-519-gb2f46efeda (webtiles) character file.

Game seed: 15456095088390493618

3512 KristoblXynda the Covert (level 10, -10/80 HPs)
             Began as a Naga Gladiator on Aug 11, 2020.
             Was a Believer of Cheibriados.
             Mangled by a two-headed ogre
             ... wielding a +0 giant club
              (11 damage)
             ... on level 9 of the Dungeon.
             The game lasted 00:14:29 (10405 turns).

KristoblXynda the Covert (Naga Gladiator)          Turns: 10405, Time: 00:14:30

Health: -10/80     AC:  9    Str: 23    XL:     10   Next: 8%
Magic:  10/10      EV: 13    Int: 15    God:    Cheibriados [**....]
Gold:   547        SH:  0    Dex: 18    Spells: 9/9 levels left

rFire    . . .     SeeInvis +   a - +1 long sword
rCold    . . .     Faith    .   (no shield)
rNeg     . . .     Spirit   .   q - +0 ring mail
rPois    +         Reflect  .   c - +0 helmet
rElec    .         Harm     .   p - +0 cloak
rCorr    +                      (no gloves)
MR       +....                  (no barding)
Stlth    ++++......             i - amulet of magic regeneration
HPRegen  0.23/turn              o - ring of flight
MPRegen  0.37/turn              y - ring of resist corrosion

@: lightly drained, very slow
A: large, see invisible, deformed body, poison resistance, slowness 2, spit
poison 1, AC +3
a: Spit Poison, Bend Time, Renounce Religion, Evoke Flight


You were on level 9 of the Dungeon.
You worshipped Cheibriados.
Cheibriados was pleased with you.
You visited 1 branch of the dungeon, and saw 9 of its levels.

You collected 547 gold pieces.

Inventory:

Hand Weapons
 a - a +1 long sword (weapon)
Missiles
 d - 6 throwing nets (quivered)
Armour
 c - a +0 helmet (worn)
 p - a +0 cloak (worn)
 q - a +0 ring mail (worn)
Jewellery
 i - an amulet of magic regeneration (around neck)
 o - a ring of flight (left hand)
 y - a ring of resist corrosion (right hand)
 A - a cursed ring of attention {unknown}
 C - an uncursed ring of ice {unknown}
 F - an uncursed ring of protection from cold {unknown}
Wands
 e - a wand of polymorph (1)
 u - a wand of digging (8)
Scrolls
 g - 8 scrolls of teleportation
 k - a scroll of magic mapping
 l - a scroll of fear {unknown}
 m - 2 scrolls of remove curse
 t - a scroll of amnesia
 v - a scroll of enchant armour {unknown}
 z - a scroll of enchant weapon
Potions
 b - 3 potions of haste {unknown}
 f - 6 potions of flight
 h - a potion of mutation
 j - a potion of brilliance
 n - 5 potions of curing
 s - a potion of magic
 B - 3 potions of stabbing {unknown}
 D - 3 potions of might {unknown}
 E - a potion of lignification
 G - a potion of cancellation {unknown}


   Skills:
 - Level 2.0(1.6) Fighting
 + Level 7.7(7.2) Long Blades
 - Level 2.0(1.6) Throwing
 + Level 5.6(5.2) Armour
 + Level 6.3(5.9) Dodging
 - Level 10.1(9.6) Stealth
 + Level 2.0(1.6) Evocations


You had 9 spell levels left.
You didn't know any spells.
Your spell library contained the following spells:

 Spells                   Type           Power        Failure   Level
 Poisonous Vapours        Pois/Air       #.....       52%         2
 Conjure Flame            Conj/Fire      #.......     77%         3
 Mephitic Cloud           Conj/Pois/Air  #.......     77%         3
 Freezing Cloud           Conj/Ice/Air   #.........   100%        6


Dungeon Overview and Level Annotations

Branches:
Dungeon (9/15)             Temple (0/1) D:5
   Lair: D:8-11         Orc: D:9-12

Altars:
Cheibriados
Dithmenos
Kikubaaqudgha
Uskayaw
Vehumet
Yredelemnul
Zin


Innate Abilities, Weirdness & Mutations

You cannot wear boots.
Your serpentine skin is tough. (AC +3)
You have supernaturally acute eyesight. (SInv)
Armour fits poorly on your strangely shaped body.
Your system is resistant to poisons. (rPois)
You cover ground very slowly.
You can spit poison.


Message History

The two-headed ogre hits you with a +0 giant club! x2
* * * LOW HITPOINT WARNING * * *
You feel much better.
The two-headed ogre hits you with a +0 giant club!
* * * LOW HITPOINT WARNING * * *
The two-headed ogre hits you with a +0 giant club!
* * * LOW HITPOINT WARNING * * *
You feel much better.
Unknown command.
You slash the two-headed ogre!
The two-headed ogre is heavily wounded.
The two-headed ogre barely misses you.
The two-headed ogre hits you with a +0 giant club!!
* * * LOW HITPOINT WARNING * * *
As you read the scroll labeled AVVENAYZIGG, it crumbles to dust.
You hear a loud clanging noise!
It was a scroll of noise.
You have got your breath back.
The two-headed ogre hits you with a +0 giant club!
You die...

#'####### ##...# ...>....# #..###
........### #.## ).......'.##
###'#### ####
...([...#..####......####### #...
......))##...##......'.....###...
........####.##......#####..##...
........# #..'<.....# ##......
........# ####.@....# ####...
........# #..O...# #... ######'##
#......# #... #.# #####'## ####
#.# #)†# ###.# ######)##### #...#
#..........# ####'######
#[.........#
..........#.'..........#


You could see a two-headed ogre (poisoned).

Vanquished Creatures
  A glowing orange brain (D:8)
  A hornet (D:5)
  Sigmund (D:2)
  Duvessa (D:6)
  A water moccasin (D:7)
  3 sky beasts
  An orc warrior (D:7)
  A black bear (D:9)
  An ice beast (D:9)
  A boggart (D:9)
  4 ogres
  A centaur (D:9)
  3 bullfrogs
  Dowan (D:6)
  A wyvern skeleton (D:8)
  2 scorpions
  3 wights
  A howler monkey (D:9)
  2 centaur zombies
  A jelly (D:6)
  2 quasits (D:6)
  2 orc priests
  3 orc wizards
  Crazy Yiuf (D:2)
  A centaur skeleton (D:6)
  4 iguanas
  5 worker ants
  A howler monkey zombie (D:6)
  10 adders
  A shadow imp (D:8)
  A white imp (D:7)
  2 ufetubi
  2 oozes (D:1)
  An adder skeleton (D:7)
  3 worms
  4 dart slugs
  4 leopard geckos
  21 orcs
  6 giant cockroaches
  5 goblins
  10 hobgoblins
  6 jackals
  2 kobolds
  4 quokkas
  3 bats
  7 frilled lizards
  A leopard gecko skeleton (D:4)
  12 rats
  2 fungi (D:2)
157 creatures vanquished.

Notes
Turn   | Place    | Note
-------+----------+-------------------------------------------
     0 | D:1      | KristoblXynda the Naga Gladiator began the quest for the
                  | Orb.
     0 | D:1      | Reached XP level 1. HP: 19/19 MP: 1/1
   380 | D:1      | Reached skill level 1 in Stealth
   380 | D:1      | Reached XP level 2. HP: 17/26 MP: 2/2
   803 | D:1      | Reached XP level 3. HP: 23/32 MP: 3/3
  1000 | D:1      | Reached skill level 2 in Stealth
  1475 | D:2      | Reached skill level 1 in Armour
  1475 | D:2      | Reached XP level 4. HP: 23/39 MP: 4/4
  1650 | D:2      | Noticed Sigmund
  1665 | D:2      | Killed Sigmund
  1665 | D:2      | Reached skill level 4 in Stealth
  1665 | D:2      | Reached XP level 5. HP: 11/45 MP: 5/5
  1665 | D:2      | Reached XP level 6. HP: 12/52 MP: 6/6
  2686 | D:2      | Found a runed translucent door.
  2687 | D:2      | Noticed Crazy Yiuf
  2697 | D:2      | Killed Crazy Yiuf
  3637 | D:3      | You fall into a shaft and drop 1 floor!
  3646 | D:4      | Reached skill level 5 in Stealth
  3672 | D:4      | Reached XP level 7. HP: 17/60 MP: 7/7
  4070 | D:4      | Found a snail-covered altar of Cheibriados.
  4070 | D:4      | Found a basalt altar of Yredelemnul.
  4070 | D:4      | Found a hide-covered altar of Uskayaw.
  4089 | D:4      | Became a worshipper of Cheibriados the Contemplative
  4158 | D:4      | Found a glowing silver altar of Zin.
  4355 | D:4      | Found a shadowy altar of Dithmenos.
  4427 | D:5      | Entered Level 5 of the Dungeon
  4490 | D:5      | Noticed a hornet
  4713 | D:5      | Reached skill level 5 in Long Blades
  4713 | D:5      | Reached skill level 6 in Stealth
  4808 | D:5      | Found a staircase to the Ecumenical Temple.
  4864 | D:5      | Killed a hornet
  4864 | D:5      | Reached XP level 8. HP: 47/67 MP: 8/8
  5397 | D:6      | Noticed Duvessa
  5405 | D:6      | Noticed Dowan
  5446 | D:6      | Reached skill level 7 in Stealth
  5490 | D:6      | Killed Duvessa
  5499 | D:6      | HP: 2/67 [howler monkey zombie (5)]
  5500 | D:6      | Killed Dowan
  5502 | D:6      | Reached * piety under Cheibriados
  5997 | D:6      | Reached skill level 5 in Dodging
  6009 | D:6      | Reached skill level 8 in Stealth
  6602 | D:7      | Reached XP level 9. HP: 73/73 MP: 9/9
  6772 | D:7      | Noticed a gargoyle
  6924 | D:7      | Reached skill level 9 in Stealth
  8118 | D:8      | Noticed a two-headed ogre
  8124 | D:8      | Noticed a glowing orange brain
  8124 | D:8      | a two-headed ogre changed into a glowing orange brain
  8153 | D:8      | Killed a glowing orange brain
  8153 | D:8      | Reached ** piety under Cheibriados
  8153 | D:8      | Reached skill level 5 in Armour
  8551 | D:8      | Found an ancient bone altar of Kikubaaqudgha.
  8694 | D:8      | Reached skill level 10 in Stealth
  8905 | D:8      | Found a radiant altar of Vehumet.
  9752 | D:9      | Reached skill level 1 in Evocations
  9932 | D:9      | Reached XP level 10. HP: 56/80 MP: 10/10
 10193 | D:9      | Noticed a two-headed ogre
 10404 | D:9      | HP: 1/80 [two-headed ogre/+0 giant club (23)]
 10405 | D:9      | Mangled by a two-headed ogre

Illustrated notes

Levels and vault maps discovered:
D:1:      erik_arrival_triangle_medium, layout_basic, hangedman_feature_mirror,
          minmay_ruptured
D:2:      layout_loops_ring, minmay_quadrilaterals, uniq_sigmund,
          uniq_crazy_yiuf_cottage
D:3:      layout_loops_corners
D:4:      layout_rooms, zin_statuary, gammafunk_temple_overflow_claw,
          nicolae_dithmenos_the_darkroom
D:5:      layout_basic, temple_hall
D:6:      layout_cave_pools, kennysheep_generic_room_7, uniq_duvessa
D:7:      layout_loops_cross, minmay_strange_pillars, lightli_corner_chamber
D:8:      minmay_evil_eye, layout_rooms, nicolae_overflow_hidden_temple,
          lemuel_crystal_altar
D:9:      layout_roguey, kennysheep_little_box

Skill      XL: |  1  2  3  4  5  6  7  8  9 10 |
---------------+-------------------------------+-----
Throwing       | 2 |  2.0
Stealth        | 1 2 4 5 6 8 10 | 10.1
Armour         | 1 2 3 4 5 |  5.6
Long Blades    | 4 5 6 7 |  7.7
Dodging        | 3 4 5 6 |  6.3
Evocations     | 1 2 |  2.0
Fighting       | |  2.0

Action                   |  1- 3 |  4- 6 |  7- 9 | 10-12 || total
-------------------------+-------+-------+-------+-------++-------
Melee: Long sword        |    67 |   174 |   394 |    24 ||   659
Throw: Throwing net      |       |     1 |       |       ||     1
 Abil: Spit Poison       |     4 |    14 |    33 |     4 ||    55
Evoke: Wand              |       |       |    12 |     5 ||    17
  Use: Scroll            |       |     6 |     7 |     1 ||    14
       Potion            |       |       |     5 |     2 ||     7
 Stab: Distracted        |       |     1 |       |       ||     1
       Sleeping          |       |     9 |     7 |       ||    16
       Paralysed         |       |       |     6 |       ||     6
Armor: Leather armour    |    18 |    34 |       |       ||    52
       Ring mail         |       |    27 |   207 |    18 ||   252
       Skin              |       |       |   302 |       ||   302
Dodge: Dodged            |    37 |    98 |   266 |    26 ||   427
       Rpst.: Long sword |    13 |    27 |    70 |     7 ||   117

Table legend: (Time is in decaauts)
 A = Elapsed time spent in this place.
 B = Non-inter-level travel time spent in this place.
 C = Inter-level travel time spent in this place.
 D = Time resting spent in this place.
 E = Time spent auto-exploring this place.
 F = Levels seen in this place.
 G = Mean time per level.
                   A        B        C        D        E       F      G
               +--------+--------+--------+--------+--------+-----+--------+
         Total |  13556 |  13333 |    223 |   4176 |   6858 |   9 | 1506.2 |
       Dungeon |  13556 |  13333 |    223 |   4176 |   6858 |   9 | 1506.2 |
               +--------+--------+--------+--------+--------+-----+--------+

Top non-repeatable levels by time:
     D:7: 2061 daAuts
     D:8: 1806 daAuts
     D:1: 1711 daAuts
     D:2: 1684 daAuts
     D:6: 1679 daAuts
     D:9: 1472 daAuts
     D:5: 1127 daAuts
     D:4: 1036 daAuts
     D:3: 976 daAuts
